 Dungeon Crawl Stone Soup version 0.30-a0-578-gdee14c521f (webtiles) character file.

Game seed: 4243092973507031695

317 purpskrrrp the Covered (level 6, -1/39 HPs)
             Began as a Gargoyle Fighter on Jan 1, 2023.
             Slain by an ogre
             ... wielding a +0 giant club
              (23 damage)
             ... on level 4 of the Dungeon.
             The game lasted 00:04:57 (2559 turns).

purpskrrrp the Covered (Gargoyle Fighter)           Turns: 2559, Time: 00:04:57

Health: -1/39      AC: 13    Str: 21    XL:     6   Next: 45%
Magic:  6/6        EV: 10    Int:  9    God:
Gold:   101        SH:  4    Dex:  9    Spells: 5/5 levels left

rFire   . . .      SeeInvis .    a - +0 flail
rCold   . . .      Faith    .    c - +0 buckler
rNeg    + . .      Spirit   .    p - +2 ring mail {rPois}
rPois   ∞          Reflect  .    q - +0 helmet
rElec   +          Harm     .    (no cloak)
rCorr   .          Rampage  .    (no gloves)
Will    +....                    (no boots) Stlth
                                 (no amulet)
HPRegen 0.26/turn                e - ring of willpower
MPRegen 0.10/turn                (no ring)

@: no status effects
A: sickness immunity, AC +4, negative energy resistance 1, electricity
resistance, torment resistance 1, petrification resistance
a: no special abilities


You were on level 4 of the Dungeon.
You visited 1 branch of the dungeon, and saw 4 of its levels.

You collected 180 gold pieces.
You spent 79 gold pieces at shops.

Inventory:

Hand Weapons
 a - a +0 flail (weapon)
Armour
 b - a +0 scale mail
 c - a +0 buckler (worn)
 g - a +0 chain mail
 p - a +2 ring mail of poison resistance (worn)
 q - a +0 helmet (worn)
Jewellery
 e - a ring of willpower (left hand)
Wands
 j - a wand of charming (3)
Scrolls
 l - 2 scrolls of identify
 o - a scroll of noise {unknown}
Potions
 d - a potion of heal wounds {unknown}
 f - a potion of ambrosia {unknown}
 h - a potion of flight
 i - 2 potions of curing
 k - a potion of lignification {unknown}
 m - a potion of resistance {unknown}
 n - a potion of brilliance {unknown}


   Skills:
 + Level 4.5 Fighting
 * Level 4.4 Maces & Flails
 + Level 4.5 Armour
 + Level 4.5 Shields


You had 5 spell levels left.
You didn't know any spells.
Your spell library was empty.

Dungeon Overview and Level Annotations

Branches:
Dungeon (4/15)
 Temple: D:4-7

Altars:

Shops:
D:2 *


Innate Abilities, Weirdness & Mutations

You are immune to sickness and miasma.
Your stone body is resilient. (AC +4)
You are immune to poison.
You resist negative energy. (rN+)
You are resistant to electric shocks. (rElec)
You are resistant to unholy torment.
You are immune to petrification.


Message History

No target in view!
No target in view!
No target in view!
No target in view!
No target in view!
No target in view!
No target in view!
No target in view!
No target in view!
No target in view!
No target in view!
No target in view!
No target in view!
You see here a +0 helmet.
You start putting on your armour.
You continue putting on your +0 helmet. x4
You finish putting on your +0 helmet.
Found a stone staircase leading up.
A kobold comes into view.
It is wielding a +1 short sword of venom.
A kobold is nearby!
A kobold is nearby!
A kobold is nearby!
The kobold shouts!
An ogre comes into view. It is wielding a +0 giant club.
There is a stone staircase leading up here.
The ogre shouts!
An orc comes into view. It is wielding a +0 short sword.
The orc shouts!
The ogre hits you but does no damage.
You hit the ogre.
The ogre is moderately wounded.
The kobold barely misses you.
You barely miss the ogre.
The ogre is moderately wounded.
The ogre hits you with a +0 giant club!!
The kobold barely misses you.
You hit the ogre.
The ogre is heavily wounded.
The ogre hits you with a +0 giant club!!
Ouch! That really hurt!
You die...

#### ..# ... ## #.# .
#.# #.#####.######.##
#.#.....<.@O....#
#.......###Ko.#.#
###.##### .#...# #.#
.# .## #.# .# .# #.#
.. .. #.#######.####.#
.# . #..............#
.##.#
###.##.##.#######....#


You could see an ogre, an orc and a kobold.

Vanquished Creatures
  A bullfrog (D:4)
  Natasha (thrice) (D:3)
  Robin (D:2)
  2 adders
  8 gnolls
  2 worms
  A dart slug (D:3)
  7 ball pythons
  7 endoplasms
  2 giant cockroaches (D:1)
  15 goblins
  4 hobgoblins
  6 bats
  3 kobolds
  7 rats
69 creatures vanquished.

Notes
Turn   | Place    | Note
-------+----------+-------------------------------------------
     0 | D:1      | purpskrrrp the Gargoyle Fighter began the quest for the
                  | Orb.
     0 | D:1      | Reached XP level 1. HP: 14/14 MP: 1/1
   148 | D:1      | Reached XP level 2. HP: 19/19 MP: 2/2
   398 | D:1      | Reached XP level 3. HP: 19/23 MP: 3/3
   990 | D:2      | Found Ubutz's Assorted Antiques.
   993 | D:2      | You fall into a shaft and drop 1 floor!
  1067 | D:2      | Bought an inky potion for 15 gold pieces
  1067 | D:2      | Bought a scroll labelled TECLID KYI for 17 gold pieces
  1067 | D:2      | Bought an orange potion for 15 gold pieces
  1067 | D:2      | Bought a coppery potion for 15 gold pieces
  1067 | D:2      | Bought a scroll labelled LECAUL SYULIA for 17 gold pieces
  1292 | D:2      | Noticed Robin
  1320 | D:2      | Killed Robin
  1321 | D:2      | Reached XP level 4. HP: 17/29 MP: 4/4
  1557 | D:2      | Reached XP level 5. HP: 28/33 MP: 5/5
  1982 | D:3      | Noticed Natasha
  1993 | D:3      | Killed Natasha
  2016 | D:3      | Noticed Natasha
  2041 | D:3      | Killed Natasha
  2138 | D:3      | Noticed Natasha
  2143 | D:3      | Killed Natasha
  2219 | D:3      | Reached XP level 6. HP: 29/39 MP: 6/6
  2559 | D:4      | Slain by an ogre

Illustrated notes

Levels and vault maps discovered:
D:1:      sevenhm_arrival_forest_fort_large_4, layout_basic
D:2:      layout_basic, serial_shops, shop, dreamdust_wishing_well, uniq_robin
D:3:      layout_rooms, uniq_natasha
D:4:      layout_loops_ring, minmay_temple_entry_poolview

Skill      XL: |  1  2  3  4  5 |
---------------+----------------+-----
Maces & Flails | 3 4 |  4.4
Fighting       | 4 |  4.5
Shields        | 4 |  4.5
Armour         | 4 |  4.5

Action                   |  1- 3 |  4- 6 || total
-------------------------+-------+-------++-------
Melee: Flail             |   115 |   148 ||   263
  Use: Scroll            |     3 |     3 ||     6
       Potion            |       |     3 ||     3
Armor: Chain mail        |    86 |   106 ||   192
       Scale mail        |     1 |       ||     1
       Ring mail         |       |     2 ||     2
Dodge: Dodged            |    51 |    75 ||   126
Block: Buckler           |    25 |    43 ||    68

Table legend: (Time is in decaauts)
 A = Elapsed time spent in this place.
 B = Non-inter-level travel time spent in this place.
 C = Inter-level travel time spent in this place.
 D = Time resting spent in this place.
 E = Time spent auto-exploring this place.
 F = Levels seen in this place.
 G = Mean time per level.
                   A        B        C        D        E       F      G
               +--------+--------+--------+--------+--------+-----+--------+
         Total |   2610 |   2460 |    150 |    108 |   1670 |   4 |  652.5 |
       Dungeon |   2610 |   2460 |    150 |    108 |   1670 |   4 |  652.5 |
               +--------+--------+--------+--------+--------+-----+--------+

Top non-repeatable levels by time:
     D:2: 1008 daAuts
     D:1: 824 daAuts
     D:3: 677 daAuts
     D:4: 99 daAuts
